 Dungeon Crawl Stone Soup version 0.20.1-1-g8b1a95d66d (webtiles) character file.

0 Gargoyl the Skirmisher (level 1, -6/19 HPs)
             Began as a Centaur Abyssal Knight on Nov 22, 2017.
             Was a Follower of Lugonu.
             Mangled by a small abomination (7 damage)
             ... on level 2 of the Abyss.
             The game lasted 00:00:50 (94 turns).

Gargoyl the Skirmisher (Centaur Abyssal Knight)       Turns: 94, Time: 00:00:50

Health: -6/19      AC:  7    Str: 12    XL:     1   Next: 0%
Magic:  2/2        EV:  3    Int: 11    God:    Lugonu [*.....]
Gold:   22         SH:  0    Dex:  8    Spells: 0/0 levels left

rFire    . . .     SeeInvis .   a - +1 hand axe
rCold    + . .     Gourm    .   (no shield)
rNeg     . . .     Faith    .   e - +0 chain mail
rPois    .         Spirit   .   (no helmet)
rElec    .         Reflect  .   (no cloak)
rCorr    .         Harm     .   (no gloves)
MR       .....     Clarity  +   (no barding)
Stlth    ..........             (no amulet)
Regen    0.1/turn               (no ring)
MPRegen  0.1/turn               (no ring)

@: very quick
A: hooves 3, clarity, cold resistance 1, deformed body, speed 2, tough skin 3,
weak 1
a: Depart the Abyss, Renounce Religion


You were on level 2 of the Abyss.
You worshipped Lugonu.
Lugonu was aware of your devotion.
You were not hungry.

You visited 0 branches of the dungeon, and saw 0 of its levels.
You visited the Abyss 1 time.

You collected 22 gold pieces.

Inventory:

Hand Weapons
 a - a +1 hand axe (weapon)
Missiles
 i - 7 tomahawks (quivered)
Armour
 b - a +0 leather armour
 e - a +0 chain mail (worn)
Wands
 h - a wand of confusion (25/48)
Potions
 d - a potion of ambrosia
Comestibles
 c - a bread ration


   Skills:
 + Level 3.0 Fighting
 + Level 1.7 Axes
 * Level 1.3 Armour
 + Level 0.6 Dodging
 * Level 2.0 Invocations


You couldn't memorise any spells.
You didn't know any spells.

Dungeon Overview and Level Annotations

Branches:
Dungeon (0/15)

Altars:


Innate Abilities, Weirdness & Mutations

You have hooves in place of feet.
Armour fits poorly on your strangely shaped body.
You cover ground very quickly.
You have extremely tough skin. (AC +3)
You possess an exceptional clarity of mind.
Your flesh is cold resistant. (rC+)
You are weak. (Str -2)


Message History

The starspawn tentacle grabs you. The starspawn tentacle constricts you.
The starspawn tentacle's grasp on you weakens, but your attempt to escape fails.
The tentacle pulls you backwards!
The starspawn tentacle loses its grip on you.
The tentacle pulls you backwards! The starspawn tentacle grabs you.
The starspawn tentacle constricts you.
You hit the starspawn tentacle but do no damage.
You kick the starspawn tentacle, but do no damage.
The starspawn tentacle loses its grip on you.
The tentacle pulls you backwards!
A tentacle flies out from the starspawn's body!
The starspawn tentacle grabs you. The starspawn tentacle constricts you.
The starspawn tentacle loses its grip on you.
The tentacle pulls you backwards! The small abomination hits you!
Ouch! That really hurt!
* * * LOW HITPOINT WARNING * * *
Unknown command.
The small abomination hits you!
You die...

. . .#. . .... # . ##..
.#.# . # ##.#####..#.##
.
.####.........##.####.#
......###.# ...#...#
#.....X...#....#.#..#
##.##....#..#..#.. .
#....x........... ..
.#...#@##......#.#### .
#.##... #)......##.#
..# # #
#...#.##..#.....#...#
#.. .##....#....#..#.#
.. ... ###..#.#.... # #
##. ......#.#.#.. .
#.#. ..#.#####..# ...
#.#..#. .# # ... .....#
. #


You could see a small abomination.

Vanquished Creatures (others)
  3 starspawn tentacles (Abyss:2)
3 creatures vanquished.

Notes
Turn   | Place    | Note
-------+----------+-------------------------------------------
     0 | Abyss:1  | Gargoyl the Centaur Abyssal Knight began the quest for the Orb.
     0 | Abyss:1  | Reached XP level 1. HP: 19/19 MP: 2/2
    10 | Abyss:2  | Found a corrupted altar of Lugonu.
    72 | Abyss:2  | Noticed a small abomination
    73 | Abyss:2  | Gained mutation: You possess an exceptional clarity of mind. [potion of mutation]
    73 | Abyss:2  | Gained mutation: You are weak. (Str -2) [potion of mutation]
    73 | Abyss:2  | Gained mutation: Your flesh is cold resistant. (rC+) [potion of mutation]
    86 | Abyss:2  | Noticed a tentacled starspawn
    94 | Abyss:2  | Mangled by a small abomination

Action                   || total
-------------------------++-------
Melee: Hand axe          ||     1
       Kick              ||     1
  Use: Potion            ||     2
       Scroll            ||     1
